 Dungeon Crawl Stone Soup version 0.18.1-6-gd335043 (console) character file.

261 Kloppie the Shield-Bearer (level 5, 0/48 HPs)
             Began as a Minotaur Fighter on May 16, 2016.
             Slain by a slave (8 damage)
             ... led by Pikel
             ... on level 4 of the Dungeon.
             The game lasted 00:04:08 (2379 turns).

Kloppie the Shield-Bearer (Minotaur Fighter)        Turns: 2379, Time: 00:04:08

Health: 0/48       AC:  8    Str: 26    XL:     5   Next: 96%
Magic:  4/4        EV:  8    Int:  5    God:
Gold:   155        SH: 11    Dex: 14    Spells: 0 memorised, 4 levels left

rFire  . . .     SeeInvis .     a - +0 long sword
rCold  . . .     Gourm    .     b - +0 scale mail
rNeg   . . .     Faith    .     c - +0 shield
rPois  .         Spirit   .     (helmet restricted)
rElec  .         Dismiss  .     (no cloak)
rCorr  .         Reflect  .     (no gloves)
SustAt .         Harm     .     l - +0 pair of boots
MR     .....                    (no amulet)
Stlth  +.........               w - +4 ring of dexterity
                                y - ring of stealth

@: mighty, not resistant to hostile enchantments, very unstealthy
A: retaliatory headbutt, horns 2
a: no special abilities


You were on level 4 of the Dungeon.
You were not hungry.

You visited 1 branch of the dungeon, and saw 4 of its levels.

You collected 155 gold pieces.

Inventory:

Hand Weapons
 a - a +0 long sword (weapon)
Armour
 b - a +0 scale mail (worn)
 c - a +0 shield (worn)
 l - a +0 pair of boots (worn)
Jewellery
 w - a +4 ring of dexterity (right hand)
 y - a ring of stealth (left hand)
 B - an uncursed ring of stealth
Scrolls
 g - a scroll of immolation {unknown}
 h - a scroll of remove curse
 i - a scroll of magic mapping {unknown}
 j - a scroll of teleportation {unknown}
 k - a scroll of random uselessness {unknown}
 o - a scroll of noise {unknown}
 q - 2 scrolls of fear {unknown}
 r - a scroll of blinking {unknown}
 t - a scroll of enchant armour {unknown}
 u - 5 scrolls of enchant weapon {unknown}
Potions
 d - 3 potions of might
 e - 4 potions of curing
 n - a potion of degeneration
 x - a potion of ambrosia
 A - a potion of lignification
Comestibles
 f - 2 bread rations
 m - 4 chunks of flesh
 p - 2 fruits
 z - 2 meat rations


   Skills:
 + Level 5.0 Fighting
 + Level 4.2 Long Blades
 + Level 5.1 Armour
 + Level 5.2 Shields


You had 4 spell levels left.
You didn't know any spells.

Dungeon Overview and Level Annotations

Branches:
Dungeon (4/15)
 Temple: D:4-7

Altars:
Gozag

Shops:
D:2 *

Annotations:
D:4 Pikel


Innate Abilities, Weirdness & Mutations

You reflexively headbutt those who attack you in melee.
You have a pair of horns on your head.


Message History

* * * LOW HITPOINT WARNING * * *
Pikel burns you.
* * * LOW HITPOINT WARNING * * *
The slave barely misses you. You furiously retaliate!
You headbutt the slave.
Drink which item? (? for menu, Esc to quit)
You feel very mighty all of a sudden. Pikel hits you but does no damage.
The slave hits you.
* * * LOW HITPOINT WARNING * * *
You closely miss Pikel. Your headbutt misses Pikel.
Pikel is lightly wounded.
You block Pikel's attack. You block the slave's attack.
Your shield and scale mail prevent you from hitting Pikel.
Pikel is lightly wounded.
Pikel hits you but does no damage. The slave hits you.
* * * LOW HITPOINT WARNING * * *
You block Pikel's attack.
You slash Pikel!
Pikel is moderately wounded.
The slave hits you!
You die...

..... .$ ###.... p.....
...#..##p....#
..........#..#
...$.##.#..# #....#.#..##
.##.###.#pp#.#...
........$pK#p#.##########
.%..###...#@............#
. #...####.##...###.#
#....# #.##...###.####
#..... #.##...#.......
...###.# #......#.......
.... .. #.#.###........
.... ..##.#.###.#..####
#.#.#<.....####
#.#.##.........


You could see Pikel and 4 slaves.

Vanquished Creatures
  A wasp zombie (D:3)
  2 iguanas
  2 worker ants (D:4)
  A hound skeleton (D:4)
  6 adders
  An ooze (D:1)
  2 worms
  3 dart slugs
  A giant gecko (D:1)
  4 orcs (D:3)
  6 giant cockroaches
  3 goblins
  3 hobgoblins
  A ball python skeleton (D:4)
  4 bats
  4 giant newts
  5 kobolds
  7 rats
56 creatures vanquished.

Notes
Turn   | Place    | Note
--------------------------------------------------------------
     0 | D:1      | Kloppie the Minotaur Fighter began the quest for the Orb.
     0 | D:1      | Reached XP level 1. HP: 19/19 MP: 0/0
    81 | D:1      | Reached XP level 2. HP: 27/27 MP: 1/1
   999 | D:2      | Found an opulent altar of Gozag.
  1004 | D:2      | Found Gozag's Platinum Reserve.
  1087 | D:2      | Reached XP level 3. HP: 30/33 MP: 2/2
  1247 | D:2      | Found a faded altar to an unknown god.
  1607 | D:2      | Reached XP level 4. HP: 40/40 MP: 3/3
  2169 | D:3      | Reached XP level 5. HP: 39/47 MP: 4/4
  2296 | D:4      | Reached skill level 5 in Shields
  2314 | D:4      | Reached skill level 5 in Armour
  2358 | D:4      | Noticed a slave
  2359 | D:4      | Noticed Pikel
  2360 | D:4      | Noticed a slave
  2361 | D:4      | Noticed a slave
  2362 | D:4      | Noticed a slave
  2366 | D:4      | Reached skill level 5 in Fighting
  2379 | D:4      | Slain by a slave

Skill      XL: |  1  2  3  4  5 |
---------------+----------------+-----
Armour         | 4 5 |  5.1
Long Blades    | 3 4 |  4.2
Fighting       | 4 5 |  5.0
Shields        | 4 5 |  5.2

Action                   |  1- 3 |  4- 6 || total
-------------------------+-------+-------++-------
Melee: Long sword        |    81 |    75 ||   156
       Headbutt          |    16 |     9 ||    25
  Use: Scroll            |       |     5 ||     5
       Potion            |       |     1 ||     1
  Eat: Chunk             |     2 |     3 ||     5
Armor: Scale mail        |    30 |    33 ||    63
Dodge: Dodged            |    18 |    22 ||    40
Block: Shield            |    38 |    58 ||    96
